 Dungeon Crawl Stone Soup version 0.30.0-13-g156ef70053 (webtiles) character file.

Game seed: 1478206412328945358

16749 browni3141 the Blocker (level 12, -4/110 HPs)
             Began as a Minotaur Fighter on May 17, 2023.
             Was a High Priest of Okawaru.
             Slain by a death yak (19 damage)
             ... on level 11 of the Dungeon.
             The game lasted 00:05:49 (10135 turns).

browni3141 the Blocker (Minotaur Fighter)          Turns: 10135, Time: 00:05:49

Health: -4/110     AC: 17    Str: 20    XL:     12   Next: 12%
Magic:  11/11      EV: 13    Int:  5    God:    Okawaru [*****.]
Gold:   786        SH:  7    Dex: 16    Spells: 11/11 levels left

rFire   + . .        l - +1 broad axe (heavy)
rCold   + . .        c - +0 buckler
rNeg    . . .        E - +0 chain mail
rPois   +            (helmet restricted)
rElec   .            w - scarf {rC+ rF+}
rCorr   .            y - +0 pair of gloves
SInv    .            (no boots)
Will    .....        (no amulet) Stlth
                     S - ring of poison resistance
HPRegen 0.38/turn    u - +4 ring of protection
MPRegen 0.12/turn

%: no passive effects
@: no status effects
A: horns 2, retaliatory headbutt
a: Renounce Religion, Heroism, Finesse, Duel


You were on level 11 of the Dungeon.
You worshipped Okawaru.
Okawaru was extremely pleased with you.
You visited 1 branch of the dungeon, and saw 11 of its levels.
You also visited: Sewer and Bailey.

You collected 786 gold pieces.

Inventory:

Hand Weapons
 a - a +0 war axe
 l - a +1 heavy broad axe (weapon)
 m - a +3 war axe
Missiles
 J - a curare-tipped dart (quivered)
Armour
 b - a +0 scale mail
 c - a +0 buckler (worn)
 w - a scarf of resistance (worn)
 y - a +0 pair of gloves (worn)
 E - a +0 chain mail (worn)
 I - a +0 cloak
Jewellery
 q - a +6 ring of intelligence
 r - a +5 ring of evasion
 u - a +4 ring of protection (right hand)
 x - a ring of flight
 z - the ring of the Mage {Wiz Archmagi}
   (You found it on level 6 of the Dungeon)

   [ring of wizardry]

   It improves your spell success rate.
   Archmagi:  It increases the power of your magical spells.
 R - a ring of magical power
 S - a ring of poison resistance (left hand)
Wands
 s - a wand of digging (1)
 A - a wand of acid (10)
 D - a wand of roots (4)
 V - a wand of flame (45)
Scrolls
 j - a scroll of amnesia
 t - 2 scrolls of butterflies
 B - 5 scrolls of immolation
 C - 2 scrolls of poison
 F - 2 scrolls of fog
 G - a scroll of vulnerability
 N - 3 scrolls of noise
 O - 2 scrolls of blinking
 P - 4 scrolls of magic mapping
 U - 3 scrolls of teleportation
 Y - a scroll of torment {unknown}
 Z - a scroll of acquirement {unknown}
Potions
 g - a potion of brilliance {unknown}
 i - 3 potions of invisibility {unknown}
 k - a potion of cancellation {unknown}
 n - 10 potions of degeneration
 p - a potion of attraction {unknown}
 v - a potion of berserk rage {unknown}
 H - 7 potions of heal wounds
 K - 2 potions of mutation {unknown}
 L - a potion of ambrosia {unknown}
 M - 3 potions of might
 Q - 6 potions of curing {unknown}
 T - 2 potions of haste {unknown}
 W - 2 potions of lignification {unknown}
 X - 6 potions of flight


   Skills:
 + Level 11.3 Fighting
 + Level 11.0 Axes
 + Level 11.4 Armour
 + Level 9.8 Dodging
 + Level 11.4 Shields


You had 11 spell levels left.
You didn't know any spells.
Your spell library contained the following spells:

 Spells                   Type           Power      Damage    Failure   Level
 Freeze                   Ice            0%         1d3       97%         1
 Kiss of Death            Conj/Necr      0%         2d5       97%         1
 Necrotise                Necr           0%         1d4       97%         1
 Sandblast                Erth           0%         2d4       97%         1
 Blink                    Tloc           0%         N/A       99%         2
 Ensorcelled Hibernation  Hex/Ice        0%         N/A       99%         2
 Lesser Beckoning         Tloc           0%         N/A       99%         2
 Momentum Strike          Conj/Tloc      0%         3d8       99%         2
 Passwall                 Tmut/Erth      0%         N/A       99%         2
 Scorch                   Fire           0%         2d5       99%         2
 Sublimation of Blood     Necr           0%         N/A       99%         2
 Wereblood                Tmut           0%         N/A       99%         2
 Confusing Touch          Hex            0%         N/A       100%        3
 Frozen Ramparts          Ice            0%         1d1       100%        3
 Hailstorm                Conj/Ice       0%         3d3       100%        3
 Portal Projectile        Hex/Tloc       0%         N/A       100%        3
 Stone Arrow              Conj/Erth      0%         3d7       100%        3
 Swiftness                Air            0%         N/A       100%        3
 Vampiric Draining        Necr           0%         2d6       100%        3
 Dispel Undead            Necr           0%         3d6       100%        4
 Flame Wave               Conj/Fire      0%         2d4       100%        4
 Leda's Liquefaction      Hex/Erth       0%         N/A       100%        4
 Petrify                  Tmut/Erth      0%         N/A       100%        4
 Agony                    Necr           0%         N/A       100%        5
 Borgnjor's Vile Clutch   Necr/Erth      0%         N/A       100%        5
 Irradiate                Conj/Tmut      0%         3d11      100%        5
 Call Canine Familiar     Summ           Unusable   N/A       N/A         3
 Animate Dead             Necr           Unusable   N/A       N/A         4
 Death Channel            Necr           Unusable   N/A       N/A         6
 Summon Cactus Giant      Summ           Unusable   N/A       N/A         6
 Summon Hydra             Summ           Unusable   N/A       N/A         7

Dungeon Overview and Level Annotations

Branches:
Dungeon (11/15)            Temple (0/1) D:7            Lair (0/5) D:11
  Sewer (visited)          Bailey (visited)
    Orc: D:9-12

Altars:
Cheibriados
Fedhas
Gozag
Hepliaklqana
Kikubaaqudgha
Nemelex Xobeh
Okawaru
Ru
Uskayaw
Vehumet
Yredelemnul
Zin


Innate Abilities, Weirdness & Mutations

You have a pair of horns on your head.
You reflexively headbutt those who attack you in melee.


Message History

The death yak is severely wounded.
You hear a bellow!
The death yak gores you but does no damage.
You barely miss the death yak. You headbutt the death yak.
The death yak is severely wounded.
You slice the death yak!! You block the death yak's attack.
The death yak gores you.
The death yak gores you but does no damage.
The death yak closely misses you.
You hit the death yak but do no damage.
The death yak is severely wounded.
You barely miss the death yak.
You feel like a meek peon again.
The death yak gores you but does no damage.
The death yak misses you.
You slice the death yak!!
You kill the death yak!
Okawaru is honoured by your kill.
You barely miss the death yak.
You hear a bellow!
The death yak gores you but does no damage.
You slice the death yak!! Your headbutt misses the death yak.
The death yak is almost dead.
You barely miss the yak. The yak gores you. The death yak barely misses you. x2
You barely miss the death yak.
The death yak is almost dead.
You barely miss the death yak. The death yak barely misses you.
The death yak closely misses you. The death yak gores you.
The death yak completely misses you.
You barely miss the death yak.
You headbutt the death yak, but do no damage.
The death yak is almost dead.
You hit the death yak but do no damage.
The death yak gores you but does no damage.
You block the death yak's attack.
You slash the death yak!
You kill the death yak!
Okawaru is honoured by your kill. Okawaru grants you armour!
Something appears at your feet!
You see here the +0 chain mail "Amech" {Slay+2}.
You slice the death yak!! The death yak gores you.
The death yak closely misses you.
You have reached level 12!
You feel agile.
Unknown command.
You slice the death yak!!
The death yak is heavily wounded.
You slice the death yak!!
The death yak gores you but does no damage.
The death yak gores you!
You slice the death yak like a ripe choko!!!
Your headbutt misses the death yak.
The death yak is almost dead.
You hit the death yak but do no damage.
The death yak gores you but does no damage.
You block the death yak's attack. The death yak barely misses you.
The death yak gores you.
You slice the death yak!!
You kill the death yak!
Okawaru accepts your kill.
You barely miss the death yak.
The death yak gores you but does no damage. x2
Your Axes skill increases to level 11!
You slice the death yak!! You headbutt the death yak.
The death yak is heavily wounded.
You slice the death yak!! The death yak gores you.
The death yak gores you but does no damage.
You hit the death yak.
The death yak is heavily wounded.
You barely miss the death yak. The death yak barely misses you.
You furiously retaliate!
You headbutt the death yak! You block the death yak's attack.
The death yak closely misses you. You furiously retaliate!
You headbutt the death yak. The death yak gores you!
You slash the death yak!
You headbutt the death yak, but do no damage.
The death yak is almost dead.
You hit the death yak. You block the death yak's attack.
The death yak gores you!!
The death yak gores you but does no damage.
You block the death yak's attack.
You hit the death yak but do no damage. You headbutt the death yak.
The death yak is almost dead.
You hit the death yak but do no damage. The death yak gores you!
The death yak gores you but does no damage.
You hit the death yak but do no damage.
The death yak is almost dead.
You barely miss the death yak. You block the death yak's attack.
The death yak gores you!! You block the death yak's attack. x2
You slice the death yak!!
You kill the death yak!
Okawaru is honoured by your kill.
You barely miss the death yak. You hit the death yak.
The death yak is moderately wounded.
You barely miss the yak. The yak gores you! The death yak barely misses you.
You furiously retaliate!
You headbutt the death yak, but do no damage.
The death yak gores you!!
You die...

##.......#.
#........Y#
#.......YY.
#.....YY. #
#...YY.#...
#..........
######.Y........
#....#YY##......
#.....YY@##..###
#...#..###..##
..
###.##..#....#
....
##.#.........
....##
#..##........
......
#............
###....
##............
.#......
#.........#...
........
###.......#...
....(...


You could see a death yak and 4 yaks.

Vanquished Creatures
  2 vault guards (Bailey)
  Erolcha (D:10)
  2 two-headed ogres
  4 death yaks (D:11)
  The ghost of Esekla the Grave Robber, a novice OpNe of Gozag (D:4)
  A wind drake (shapeshifter) (D:11)
  3 trolls
  Prince Ribbit (Bailey)
  A hornet (D:9)
  Grinder (D:4)
  5 slime creatures (D:11)
  2 shadows
  14 yaks
  4 humans (Bailey)
  2 wraiths
  Eustachio (D:4)
  2 vampire mosquitoes (D:11)
  Menkaure (D:4)
  4 water moccasins
  3 acid dragons
  4 orc warriors
  A sky beast (D:8)
  A black bear (D:8)
  3 ice beasts
  4 centaurs
  A phantom (D:6)
  5 kobold brigands
  13 bullfrogs
  5 scorpions
  4 wights (D:9)
  12 killer bees (D:9)
  4 howler monkeys
  5 jellies
  A gnoll bouda (D:8)
  Crazy Yiuf (D:7)
  3 orc priests (D:4)
  5 hounds
  A sleepcap (D:7)
  2 iguanas
  4 orc wizards
  Robin (D:2)
  8 gnolls
  7 adders
  A river rat (D:6)
  A shadow imp (D:7)
  5 ufetubi
  A worm (D:3)
  5 dart slugs
  31 orcs
  5 ball pythons
  8 bats
  8 endoplasms
  3 giant cockroaches
  19 goblins
  11 hobgoblins
  5 jackals
  23 kobolds
  9 quokkas
  3 frilled lizards
  8 rats
296 creatures vanquished.

Notes
Turn   | Place    | Note
-------+----------+-------------------------------------------
     0 | D:1      | browni3141 the Minotaur Fighter began the quest for the
                  | Orb.
     0 | D:1      | Reached XP level 1. HP: 19/19 MP: 0/0
    15 | D:1      | Found a faded altar of an unknown god.
    38 | D:1      | Reached XP level 2. HP: 25/27 MP: 1/1
   409 | D:1      | Reached XP level 3. HP: 28/33 MP: 2/2
   867 | D:2      | Reached skill level 3 in Axes
   976 | D:2      | Noticed Robin
   986 | D:2      | Killed Robin
   987 | D:2      | Reached XP level 4. HP: 22/40 MP: 3/3
  1770 | D:3      | Found a snail-covered altar of Cheibriados.
  1772 | D:3      | Reached XP level 5. HP: 47/47 MP: 4/4
  2391 | D:4      | Found a sacrificial altar of Ru.
  2393 | D:4      | Noticed Eustachio
  2404 | D:4      | Reached XP level 6. HP: 26/55 MP: 5/5
  2426 | D:4      | Killed Eustachio
  2427 | D:4      | Reached skill level 3 in Dodging
  2629 | D:4      | Found a runed translucent gate.
  2629 | D:4      | Found a runed translucent gate.
  2629 | D:4      | Found a runed translucent gate.
  2630 | D:4      | Noticed Esekla's ghost (novice OpNe)
  2683 | D:4      | Noticed Grinder
  2700 | D:4      | Killed Grinder
  2701 | D:4      | Reached XP level 7. HP: 42/61 MP: 6/6
  3097 | D:4      | Noticed Menkaure
  3104 | D:4      | Killed Menkaure
  3357 | D:4      | Reached skill level 6 in Shields
  3359 | D:4      | Reached skill level 6 in Fighting
  3359 | D:4      | Reached skill level 6 in Armour
  3376 | D:4      | Killed Esekla's ghost
  3377 | D:4      | Reached XP level 8. HP: 50/71 MP: 7/7
  3503 | D:5      | Entered Level 5 of the Dungeon
  3675 | D:5      | Reached skill level 6 in Axes
  4218 | D:6      | Found an opulent altar of Gozag.
  4259 | D:6      | Found the ring of the Mage {Wiz Archmagi}
  4272 | D:6      | Found an iron altar of Okawaru.
  4287 | D:6      | Became a worshipper of Warmaster Okawaru
  4402 | D:6      | Found a glowing drain.
  4407 | Sewer    | Entered a sewer
  4720 | Sewer    | Found a white marble altar of Elyvilon.
  4790 | D:6      | Reached XP level 9. HP: 75/79 MP: 8/8
  4873 | D:6      | Found an ancient bone altar of Kikubaaqudgha.
  4874 | D:6      | Found a blossoming altar of Fedhas.
  4944 | D:6      | Found a basalt altar of Yredelemnul.
  4956 | D:6      | Found a hazy altar of Hepliaklqana.
  4996 | D:6      | Found a glowing silver altar of Zin.
  5107 | D:7      | Reached * piety under Okawaru
  5150 | D:7      | Found a hide-covered altar of Uskayaw.
  5232 | D:7      | Found a staircase to the Ecumenical Temple.
  5310 | D:7      | Found an ancient bone altar of Kikubaaqudgha.
  5372 | D:7      | Reached skill level 6 in Dodging
  5518 | D:7      | Found a runed translucent door.
  5519 | D:7      | Noticed Crazy Yiuf
  5787 | D:7      | Killed Crazy Yiuf
  6032 | D:8      | Reached ** piety under Okawaru
  6477 | D:8      | Found a sparkling altar of Nemelex Xobeh.
  6814 | D:9      | Reached XP level 10. HP: 63/90 MP: 9/9
  6938 | D:9      | Reached *** piety under Okawaru
  7277 | D:9      | Found a flagged portal.
  7287 | D:9      | Reached skill level 9 in Shields
  7306 | Bailey   | Entered a bailey
  7318 | Bailey   | Reached skill level 9 in Fighting
  7318 | Bailey   | Reached skill level 9 in Armour
  7597 | Bailey   | Reached **** piety under Okawaru
  7599 | Bailey   | Noticed a vault guard
  7602 | Bailey   | Reached skill level 9 in Axes
  7603 | Bailey   | Noticed Prince Ribbit
  7621 | Bailey   | Killed Prince Ribbit
  7621 | Bailey   | Killed a vault guard
  7903 | Bailey   | Noticed a vault guard
  7914 | Bailey   | Killed a vault guard
  7915 | Bailey   | Reached XP level 11. HP: 92/99 MP: 8/10
  8581 | D:10     | Entered Level 10 of the Dungeon
  8604 | D:10     | Noticed a two-headed ogre
  8610 | D:10     | Killed a two-headed ogre
  8823 | D:10     | Found a radiant altar of Vehumet.
  9153 | D:10     | Noticed Erolcha
  9159 | D:10     | Killed Erolcha
  9306 | D:10     | Reached skill level 9 in Dodging
  9508 | D:11     | Reached ***** piety under Okawaru
  9802 | D:11     | Noticed a two-headed ogre
  9807 | D:11     | Killed a two-headed ogre
 10017 | D:11     | Identified the +9 sling of Kindness {antimagic, rN+}
 10110 | D:11     | Found a staircase to the Lair.
 10110 | D:11     | Noticed a death yak
 10110 | D:11     | Noticed a death yak
 10111 | D:11     | Noticed a death yak
 10111 | D:11     | Noticed a death yak
 10114 | D:11     | Noticed a death yak
 10121 | D:11     | Killed a death yak
 10125 | D:11     | Killed a death yak
 10125 | D:11     | Identified the +0 chain mail "Amech" {Slay+2} (Okawaru
                  | gifted it to you on level 11 of the Dungeon)
 10125 | D:11     | Received a gift from Okawaru
 10126 | D:11     | Reached XP level 12. HP: 106/110 MP: 11/11
 10128 | D:11     | Killed a death yak
 10134 | D:11     | Killed a death yak
 10135 | D:11     | Slain by a death yak

Illustrated notes

Levels and vault maps discovered:
D:1:      evilmike_arrival_hilbert_curve, layout_basic, basic_ecumenical_altar
D:2:      layout_loops_ring, uniq_robin
D:3:      layout_basic, kennysheep_slug_shrine
D:4:      layout_cave_pods, nicolae_ru_awakened_eye, gammafunk_ghost_split,
          uniq_menkaure, uniq_eustachio, uniq_grinder
D:5:      layout_loops_ring
D:6:      layout_cave_pools, grunt_temple_overflow_growth_and_decay,
          pdpol_temple_overflow_zin_treasury_gozag_greed,
          mainiacjoe_overflow_big_doors, kennysheep_okawaru_gauntlet,
          gup_sewer_entry_bowl
D:7:      layout_basic, minmay_temple_entry_grid, hangedman_feature_mirror,
          uniq_crazy_yiuf_cottage
D:8:      layout_gridville, marbit_many_paths, dreamdust_wishing_well,
          minmay_misc_feat_room
D:9:      layout_roguey, enter_bailey_7, nicolae_fountain_basement
D:10:     layout_loops_ring, mainiacjoe_overflow_cross_hatched,
          nicolae_figureground_sparkle, uniq_erolcha
D:11:     layout_cave_pools, dpeg_lair_monsters, grunt_ministairs_5

Skill      XL: |  1  2  3  4  5  6  7  8  9 10 11 12 |
---------------+-------------------------------------+-----
Dodging        | 1 2 3 4 5 7 8 9 |  9.8
Armour         | 4 5 6 7 8 9 11 | 11.4
Shields        | 4 5 6 7 8 9 11 | 11.4
Fighting       | 4 5 6 7 8 9 11 | 11.3
Axes           | 3 4 5 6 8 9 10 11 | 11.0

Action                     |  1- 3 |  4- 6 |  7- 9 | 10-12 || total
---------------------------+-------+-------+-------+-------++-------
  Melee: War axe           |    73 |   102 |   319 |   144 ||   638
         Headbutt          |     8 |    15 |    63 |    60 ||   146
         Broad axe         |       |       |       |   139 ||   139
  Throw: Dart              |       |       |       |     2 ||     2
 Invoke: Heroism           |       |       |       |     5 ||     5
    Use: Scroll            |       |       |       |    14 ||    14
 Armour: Scale mail        |    52 |    75 |    28 |       ||   155
         Chain mail        |       |       |   174 |   212 ||   386
  Dodge: Dodged            |    40 |    74 |   146 |   210 ||   470
  Block: Buckler           |    18 |    34 |    98 |   145 ||   295
